 Dungeon Crawl Stone Soup version 0.30-a0-956-gcec3b41aec (webtiles) character file.

Game seed: 13751889089983426290

9318 GloriousHammer the Grappler (level 11, -1/111 HPs)
             Began as a Troll Fighter on Mar 29, 2023.
             Was a Believer of Wu Jian.
             Slain by an 11-headed hydra (12 damage)
             ... on level 11 of the Dungeon.
             The game lasted 00:27:05 (13022 turns).

GloriousHammer the Grappler (Troll Fighter)        Turns: 13022, Time: 00:27:06

Health: -1/111     AC: 10    Str: 32    XL:     11   Next: 21%
Magic:  10/10      EV: 10    Int:  8    God:    Wu Jian [**....]
Gold:   547        SH: 15    Dex:  9    Spells: 10/10 levels left

rFire   . . .      SeeInvis .      - Unarmed
rCold   . . .      Faith    .    b - +0 kite shield
rNeg    . . .      Spirit   .    k - +2 steam dragon scales
rPois   +          Reflect  +    l - +0 hat
rElec   .          Rampage  .    G - +0 cloak
rCorr   .                        (gloves unavailable)
Will    .....                    (boots unavailable)
Stlth   +                        M - amulet of reflection
HPRegen 1.18/turn                S - +6 ring of strength
MPRegen 0.12/turn                P - ring of poison resistance

@: no status effects
A: large, unfitting armour, claws 3, regeneration 1, shaggy fur 1, tough skin 1
a: Renounce Religion, Wall Jump


You were on level 11 of the Dungeon.
You worshipped Wu Jian.
Wu Jian was pleased with you.
You visited 2 branches of the dungeon, and saw 12 of its levels.
You also visited: Sewer and Ossuary.

You collected 728 gold pieces.
You spent 181 gold pieces at shops.

Inventory:

Hand Weapons
 h - a +0 sling
Missiles
 j - 2 curare-tipped darts (quivered)
 t - 14 boomerangs
 U - 9 stones
Armour
 b - a +0 kite shield (worn)
 k - +2 steam dragon scales (worn)
 l - a +0 hat (worn)
 B - a +2 robe of willpower
 G - a +0 cloak (worn)
Jewellery
 n - a ring of positive energy
 I - the ring "Ivusossaugg" {Ice Stlth+}
   (You took it off Maggie on level 9 of the Dungeon)

   [ring of ice]

   It enhances your ice magic.
   rF:        It makes you vulnerable to fire.
   rC:        It protects you from cold.
   Stlth:     It makes you more stealthy.
 M - an amulet of reflection (around neck)
 N - a ring of positive energy
 P - a ring of poison resistance (right claw)
 S - a +6 ring of strength (left claw)
 T - a +4 ring of protection
 Z - a ring of wizardry
Wands
 x - a wand of digging (3)
 y - a wand of flame (51)
 H - a wand of charming (9)
 J - a wand of mindburst (7)
 V - a wand of polymorph (4)
Scrolls
 d - a scroll of immolation
 f - a scroll of magic mapping
 g - 3 scrolls of blinking
 i - 2 scrolls of identify
 q - 2 scrolls of fear {unknown}
 r - 3 scrolls of amnesia
 w - 2 scrolls of fog
 C - 6 scrolls of poison {unknown}
 D - 2 scrolls of enchant armour {unknown}
 E - 2 scrolls of silence {unknown}
 R - 9 scrolls of teleportation
Potions
 a - 2 potions of brilliance {unknown}
 c - 2 potions of might
 e - 6 potions of lignification
 m - 4 potions of curing {unknown}
 o - 2 potions of degeneration {unknown}
 p - a potion of ambrosia {unknown}
 s - 3 potions of cancellation {unknown}
 u - 11 potions of heal wounds
 v - 3 potions of resistance
 z - 3 potions of magic {unknown}
 A - 4 potions of mutation {unknown}
 F - 3 potions of haste {unknown}
 K - a potion of berserk rage {unknown}
 L - 2 potions of experience {unknown}
 O - 3 potions of flight {unknown}
 Q - a potion of attraction
Miscellaneous
 W - a tin of tremorstones (2/2)


   Skills:
 + Level 8.2 Fighting
 + Level 5.8 Dodging
 + Level 8.9 Shields
 + Level 9.5 Unarmed Combat
 + Level 3.0 Evocations


You had 10 spell levels left.
You didn't know any spells.
Your spell library contained the following spells:

 Spells                   Type           Power      Damage    Failure   Level
 Apportation              Tloc           0%         N/A       63%         1
 Necrotise                Necr           0%         1d4       63%         1
 Summon Small Mammal      Summ           0%         N/A       63%         1
 Ensorcelled Hibernation  Hex/Ice        0%         N/A       77%         2
 Passwall                 Tmut/Erth      0%         N/A       77%         2
 Gell's Gravitas          Tloc           0%         N/A       94%         3
 Swiftness                Air            0%         N/A       94%         3
 Teleport Other           Tloc           0%         N/A       94%         3
 Alistair's Intoxication  Tmut/Pois      0%         N/A       100%        5
 Dispersal                Tloc           0%         N/A       100%        6


Dungeon Overview and Level Annotations

Branches:
Dungeon (11/15)            Temple (1/1) D:4             Orc (0/2) D:10
  Sewer (visited)         Ossuary (visited)
   Lair: D:8-11

Altars:
Ashenzari
Cheibriados
Dithmenos
Elyvilon
Fedhas
Gozag
Hepliaklqana
Kikubaaqudgha
Makhleb
Nemelex Xobeh
Okawaru
Qazlal
Ru
Sif Muna
Trog
Uskayaw
Vehumet
Wu Jian
Xom
Yredelemnul
Zin
The Shining One

Shops:
D:5 (   D:8 [!   D:9 *   D:10 (*

Annotations:
D:5 3 runed translucent doors, bobo's ghost, amateur DrVM


Innate Abilities, Weirdness & Mutations

You are too large for most types of armour.
You have claws for hands.
Your natural rate of healing is unusually fast.
You are covered in fur. (AC +1)
You have tough skin. (AC +1)


Message History

The eight-headed hydra closely misses you.
You block the eight-headed hydra's attack.
The eight-headed hydra bites you but does no damage.
The eight-headed hydra completely misses you.
The eight-headed hydra barely misses you.
You block the eight-headed hydra's attack. x2
You claw one of the eight-headed hydra's heads off!
The seven-headed hydra grows two more!
You claw the nine-headed hydra!
The nine-headed hydra is moderately wounded.
The nine-headed hydra barely misses you.
You block the nine-headed hydra's attack.
The nine-headed hydra bites you. x2
The nine-headed hydra bites you but does no damage. x2
You block the nine-headed hydra's attack.
The nine-headed hydra bites you.
The nine-headed hydra bites you but does no damage.
Unknown command.
Unknown command.
You barely miss the nine-headed hydra.
The nine-headed hydra is moderately wounded.
The nine-headed hydra closely misses you.
You block the nine-headed hydra's attack.
The nine-headed hydra bites you.
You block the nine-headed hydra's attack.
The nine-headed hydra bites you! The nine-headed hydra bites you.
The nine-headed hydra bites you!
The nine-headed hydra barely misses you. x2
Unknown command.
Unknown command.
Okay, then.
You completely miss the nine-headed hydra.
The nine-headed hydra is moderately wounded.
You claw one of the nine-headed hydra's heads off!
The eight-headed hydra grows two more!
You claw the ten-headed hydra!
The ten-headed hydra is moderately wounded.
You block the ten-headed hydra's attack.
The ten-headed hydra bites you but does no damage.
The ten-headed hydra bites you. x2; The ten-headed hydra bites you!
The ten-headed hydra bites you.
The ten-headed hydra bites you but does no damage.
The ten-headed hydra completely misses you.
The ten-headed hydra barely misses you.
You block the ten-headed hydra's attack.
You rip one of the ten-headed hydra's heads off!
The nine-headed hydra grows two more!
You mangle the 11-headed hydra!!
The 11-headed hydra is heavily wounded.
The 11-headed hydra bites you.
You block the 11-headed hydra's attack. x2
The 11-headed hydra bites you but does no damage.
The 11-headed hydra bites you! The 11-headed hydra bites you.
The 11-headed hydra bites you but does no damage. x2
You block the 11-headed hydra's attack. The 11-headed hydra closely misses you.
The 11-headed hydra bites you!
* * * LOW HITPOINT WARNING * * *
Okay, then.
Aiming: Charm
Press: ? - help, Shift-Dir - straight line, f/p - 11-headed hydra
Aim: an 11-headed hydra (heavily wounded, chance to affect: 23%)
Okay, then.
Aiming: Polymorph
Press: ? - help, Shift-Dir - straight line, f/p - 11-headed hydra
Aim: an 11-headed hydra (heavily wounded, will become a broodmother, a quicksilver ooze, or a glowing orange brain, chance to affect: 23%)
Okay, then.
Aiming: Mindburst
Press: ? - help, Shift-Dir - straight line, f/p - 11-headed hydra
Aim: an 11-headed hydra (heavily wounded, chance to affect: 42%)
Okay, then.
Okay, then.
Aiming: Mindburst
Press: ? - help, Shift-Dir - straight line, f/p - 11-headed hydra
Aim: an 11-headed hydra (heavily wounded, chance to affect: 42%)
The 11-headed hydra's minds are blasted!!
The 11-headed hydra bites you but does no damage.
The 11-headed hydra barely misses you. The 11-headed hydra closely misses you.
You block the 11-headed hydra's attack. The 11-headed hydra bites you!
* * * LOW HITPOINT WARNING * * *
You block the 11-headed hydra's attack. The 11-headed hydra barely misses you.
The 11-headed hydra bites you.
* * * LOW HITPOINT WARNING * * *
The 11-headed hydra bites you.
* * * LOW HITPOINT WARNING * * *
The 11-headed hydra misses you. The 11-headed hydra barely misses you.
Aiming: Mindburst
Press: ? - help, Shift-Dir - straight line, f/p - 11-headed hydra
Aim: an 11-headed hydra (severely wounded, chance to affect: 42%)
The 11-headed hydra resists with some effort.
You block the 11-headed hydra's attack. The 11-headed hydra barely misses you.
You block the 11-headed hydra's attack. The 11-headed hydra bites you.
* * * LOW HITPOINT WARNING * * *
The 11-headed hydra barely misses you.
The 11-headed hydra bites you but does no damage.
You block the 11-headed hydra's attack. The 11-headed hydra bites you!
* * * LOW HITPOINT WARNING * * *
The 11-headed hydra bites you but does no damage.
You block the 11-headed hydra's attack. The 11-headed hydra closely misses you.
Aiming: Mindburst
Press: ? - help, Shift-Dir - straight line, f/p - 11-headed hydra
Aim: an 11-headed hydra (severely wounded, chance to affect: 42%)
The 11-headed hydra resists with some effort.
The 11-headed hydra bites you!
You die...

#8###8#..............###.#.#.###.
## ####.............###.##.##.###
....#...............###.###...
......#............[##...##...
#.....#.......####..#..D..#D..
.#.....#.......# ##....#.....
#.............# #..####....
.....##........####..# #... ....#
###....@D(.....## .. ...#
##.............#
#...###...##....##......#
#..........#.......##.##
#..#######.##.######.#.# ######
#.## ##


You could see a 11-headed hydra.

Vanquished Creatures
  A two-headed ogre (D:10)
  A gargoyle (D:10)
  Maggie (D:9)
  The ghost of Likado the Caller, a novice TeSu (D:4)
  A tengu conjurer (D:11)
  2 trolls
  Grinder (D:3)
  A shadow (D:10)
  2 wyverns (D:10)
  13 yaks
  2 steam dragons
  A water moccasin (D:8)
  2 sky beasts (D:7)
  3 orc warriors
  2 ice beasts
  A black bear (D:5)
  An ogre (D:4)
  A centaur (D:8)
  4 phantoms
  3 bullfrogs
  2 scorpions
  4 gnoll sergeants
  3 water moccasin zombies (Ossuary)
  10 killer bees (D:9)
  3 troll zombies (D:10)
  2 electric eels (D:7)
  6 howler monkeys
  4 crimson imps (D:3)
  2 hounds (D:4)
  5 orc priests
  6 jellies
  Crazy Yiuf (D:6)
  2 gnoll boudas
  3 iguanas
  A sleepcap (D:8)
  Jessica (D:2)
  Natasha (thrice) (D:3)
  8 orc wizards
  3 ogre zombies (D:10)
  2 mummies (Ossuary)
  24 gnolls
  3 river rats (Sewer)
  10 adders
  A shadow imp (D:7)
  A white imp (D:5)
  3 ufetubi
  5 adder zombies (Ossuary)
  2 worms
  2 dart slugs (D:2)
  28 orcs
  16 ball pythons
  16 endoplasms
  8 giant cockroaches
  5 goblins
  7 hobgoblins
  10 jackals
  8 kobolds
  3 quokkas
  4 bats
  10 frilled lizards
  6 gnoll zombies (Ossuary)
  A goblin skeleton (D:10)
  4 goblin zombies (D:10)
  A hobgoblin skeleton (D:10)
  6 hobgoblin zombies
  4 kobold zombies (Ossuary)
  An orc skeleton (D:10)
  14 orc zombies
  7 rats
325 creatures vanquished.

Vanquished Creatures (others)
  A gnoll (D:8)
  3 fungi (D:5)
  A plant (D:5)
5 creatures vanquished.

Grand Total: 330 creatures vanquished

Notes
Turn   | Place    | Note
-------+----------+-------------------------------------------
     0 | D:1      | GloriousHammer the Troll Fighter began the quest for the
                  | Orb.
     0 | D:1      | Reached XP level 1. HP: 22/22 MP: 0/0
   174 | D:1      | Reached XP level 2. HP: 25/29 MP: 1/1
  1244 | D:2      | Reached XP level 3. HP: 36/36 MP: 2/2
  1291 | D:2      | Noticed Jessica
  1296 | D:2      | Killed Jessica
  1369 | D:2      | Found a faded altar of an unknown god.
  1587 | D:2      | Reached skill level 3 in Unarmed Combat
  1587 | D:2      | Reached XP level 4. HP: 42/45 MP: 3/3
  2000 | D:3      | Noticed Natasha
  2007 | D:3      | Killed Natasha
  2192 | D:3      | Reached XP level 5. HP: 52/53 MP: 4/4
  2285 | D:3      | Found a shimmering altar of Xom.
  2337 | D:3      | Noticed Natasha
  2348 | D:3      | Killed Natasha
  2349 | D:3      | Reached skill level 4 in Unarmed Combat
  2349 | D:3      | Reached XP level 6. HP: 51/62 MP: 5/5
  2495 | D:3      | Noticed Natasha
  2517 | D:3      | Killed Natasha
  3083 | D:3      | Found a basalt altar of Yredelemnul.
  3116 | D:3      | Noticed Grinder
  3120 | D:3      | Paralysed by Grinder for 5 turns
  3132 | D:3      | Killed Grinder
  3133 | D:3      | Reached XP level 7. HP: 61/71 MP: 6/6
  3791 | D:4      | Reached skill level 5 in Shields
  3885 | D:4      | Reached skill level 5 in Unarmed Combat
  4045 | D:4      | Found a large runed translucent door.
  4046 | D:4      | Found a staircase to the Ecumenical Temple.
  4327 | D:4      | Reached skill level 5 in Fighting
  4406 | D:4      | Reached XP level 8. HP: 79/80 MP: 7/7
  4478 | D:4      | Found a large runed translucent door.
  4479 | D:4      | Noticed Likado's ghost (novice TeSu)
  4602 | D:4      | Killed Likado's ghost
  4603 | D:4      | Reached skill level 6 in Unarmed Combat
  4685 | D:5      | Entered Level 5 of the Dungeon
  4685 | D:5      | Found Zafedap's Antique Weapon Shoppe.
  4720 | D:5      | Found a runed translucent gate.
  4721 | D:5      | Found a runed translucent gate.
  4728 | D:5      | Found a runed translucent gate.
  4730 | D:5      | Noticed bobo's ghost (amateur DrVM)
  4769 | D:5      | Found a hazy altar of Hepliaklqana.
  4803 | D:5      | Found a glowing silver altar of Zin.
  4815 | D:5      | Found a shadowy altar of Dithmenos.
  4816 | D:5      | Found a hide-covered altar of Uskayaw.
  4818 | D:5      | Found a stormy altar of Qazlal.
  4819 | D:5      | Found a sparkling altar of Nemelex Xobeh.
  4820 | D:5      | Found a shimmering blue altar of Sif Muna.
  4821 | D:5      | Found a bloodstained altar of Trog.
  4852 | D:5      | Found a burning altar of Makhleb.
  5067 | D:5      | Found a glowing drain.
  5076 | Sewer    | Entered a sewer
  5244 | Sewer    | Found a viscous altar of Jiyva.
  6060 | D:6      | Reached skill level 7 in Unarmed Combat
  6060 | D:6      | Reached XP level 9. HP: 81/89 MP: 8/8
  6248 | D:6      | Found a runed translucent door.
  6249 | D:6      | Noticed Crazy Yiuf
  6766 | D:6      | Killed Crazy Yiuf
  7524 | D:8      | Found a sand-covered staircase.
  7544 | Ossuary  | Entered an ossuary
  7893 | D:7      | Reached skill level 8 in Unarmed Combat
  8163 | D:8      | Reached XP level 10. HP: 82/102 MP: 9/9
  8726 | D:8      | Found Faluc's Armour Shoppe.
  8828 | D:8      | Found Emyiturph's Distillery.
  8832 | D:8      | Bought a potion of attraction for 36 gold pieces
  8832 | D:8      | Bought a potion of resistance for 120 gold pieces
  9084 | Temple   | Entered the Ecumenical Temple
  9207 | Temple   | Became a worshipper of the Wu Jian Council
  9398 | D:9      | Found Couci's Overcharged Wands.
  9561 | D:9      | Reached skill level 1 in Evocations
  9602 | D:9      | Noticed Maggie
  9753 | D:9      | Reached skill level 5 in Dodging
 10537 | D:9      | Identified the ring "Ivusossaugg" {Ice Stlth+}
 10545 | D:9      | Killed Maggie
 10546 | D:9      | Reached skill level 9 in Unarmed Combat
 11028 | D:9      | Found Couci's Overcharged Wands.
 11483 | D:10     | Entered Level 10 of the Dungeon
 11540 | D:10     | Reached * piety under Wu Jian
 11797 | D:10     | Found Poyceliqa's Assorted Antiques.
 11797 | D:10     | Found a radiant altar of Vehumet.
 11800 | D:10     | Bought a metallic pink potion for 25 gold pieces
 11810 | D:10     | Noticed a two-headed ogre
 11821 | D:10     | Killed a two-headed ogre
 11822 | D:10     | Reached XP level 11. HP: 100/111 MP: 10/10
 12003 | D:10     | Found a staircase to the Orcish Mines.
 12159 | D:10     | Reached ** piety under Wu Jian
 12483 | D:10     | Found Nepon's Antique Weapon Boutique.
 12977 | D:11     | Noticed a seven-headed hydra
 12988 | D:11     | Noticed a green ugly thing
 13022 | D:11     | Slain by an 11-headed hydra

Illustrated notes

Levels and vault maps discovered:
D:1:      dpeg_arrival_solitude, layout_basic, dk_noncrumbling_2
D:2:      minmay_diamond_boxcup, layout_loops_ring,
          ebering_ecumenical_altar_petrified, dreamdust_princess_corridor,
          uniq_jessica
D:3:      layout_basic, led_xom_imps, mainiacjoe_overflow_alcove_2,
          amcnicky_mini_rare_corridor_liquid, minmay_quadrilaterals,
          uniq_natasha, uniq_grinder
D:4:      layout_basic, minmay_temple_entry_purple_smoke,
          ebering_ghost_disaster_area, hangedman_abyss_or_decor_passed
D:5:      layout_loops_corners, mainiacjoe_overflow_concentric_impassable,
          zin_academy, worldfamousw_hep_ancestral_shrine,
          grunt_temple_overflow_open, gammafunk_ghost_nasty_kobolds,
          portal_sewer_entry_e, nicolae_stop_n_shop_1, st_stairs_13
D:6:      layout_basic, serial_park_tiny_2, uniq_crazy_yiuf_cottage
D:7:      layout_basic, kennysheep_small_spiral
D:8:      layout_cave_pools, nicolae_ossuary_entry_false_entrances,
          serial_gnoll_camp, gnoll_camp_huts_basic, gnoll_camp_mini_shop,
          gnoll_camp_mini_shop, gnoll_camp_mini_hut
D:9:      layout_small_grid, nicolae_shop_overcharged_wands, uniq_maggie
D:10:     layout_basic, vehumet_altar_wand_db, zombieorc1_lemuel, serial_shops,
          shop, nicolae_square_shop
D:11:     dreamdust_isle_of_ice, layout_layer_cave, erik_lair_orcish_takeover,
          corexii_hall_statues_s, kb_rosetta
Temple:   compressed_dpeg_circular_temple

Skill      XL: |  1  2  3  4  5  6  7  8  9 10 11 |
---------------+----------------------------------+-----
Shields        | 3 4 5 6 7 8 |  8.9
Fighting       | 3 4 5 6 7 8 |  8.2
Unarmed Combat | 3 4 5 7 8 9 |  9.5
Dodging        | 4 5 |  5.8
Evocations     | 2 3 |  3.0

Action                     |  1- 3 |  4- 6 |  7- 9 | 10-12 || total
---------------------------+-------+-------+-------+-------++-------
  Melee: Unarmed           |    69 |   165 |   457 |   327 ||  1018
  Throw: Boomerang         |       |    10 |       |     6 ||    16
         Dart              |       |     2 |       |     4 ||     6
         Stone             |       |       |     3 |    66 ||    69
Ability: Lunge             |       |       |       |    13 ||    13
         Whirlwind         |       |       |       |     3 ||     3
  Evoke: Wand              |       |       |     3 |     9 ||    12
    Use: Scroll            |       |       |     9 |     2 ||    11
 Armour: Robe              |    25 |    61 |   117 |    24 ||   227
         Steam dragon scal |       |       |       |    35 ||    35
  Dodge: Dodged            |    24 |    61 |   135 |    87 ||   307
  Block: Kite shield       |    32 |    80 |   184 |   209 ||   505

Table legend: (Time is in decaauts)
 A = Elapsed time spent in this place.
 B = Non-inter-level travel time spent in this place.
 C = Inter-level travel time spent in this place.
 D = Time resting spent in this place.
 E = Time spent auto-exploring this place.
 F = Levels seen in this place.
 G = Mean time per level.
                   A        B        C        D        E       F      G
               +--------+--------+--------+--------+--------+-----+--------+
         Total |  13036 |  12493 |    543 |   2302 |   7373 |  14 |  931.1 |
       Dungeon |  12447 |  11904 |    543 |   2302 |   7209 |  11 | 1131.5 |
        Temple |    138 |    138 |      0 |      0 |     90 |   1 |  138.0 |
         Sewer |    272 |    272 |      0 |      0 |     58 |   1 |  272.0 |
       Ossuary |    178 |    178 |      0 |      0 |     16 |   1 |  178.0 |
               +--------+--------+--------+--------+--------+-----+--------+

Top non-repeatable levels by time:
     D:9: 2134 daAuts
     D:3: 1835 daAuts
     D:1: 1242 daAuts
    D:10: 1224 daAuts
     D:5: 1103 daAuts
     D:8: 1087 daAuts
     D:4: 1032 daAuts
     D:7: 943 daAuts
     D:6: 837 daAuts
     D:2: 696 daAuts
    D:11: 308 daAuts
   Sewer: 272 daAuts
 Ossuary: 178 daAuts
  Temple: 138 daAuts
